cohdb
Replays
Latest Replays
All Replays
Popular Replays
Top Player Replays
Match Explorer
How It Works
Community
CoH3 Stats
Reddit
Sign in to upload your games and track your stats! →
Sign in with Steam
Match 40898079
Unlisted
Match 40898079
Overview
Messages
Build Orders
End
Kradschützen Motorcycle Team
Selects Panzerjäger Kommand Battlegroup
Panzerpioneer Squad
Panzergrenadier Squad
Construct Light Support Kompanie
MG34 Team
Selects Blockade Equipment
Selects Tank Busters
Panzerjäger Squad
Fire Support Elements
Flakvierling Half-track
2.5-tonne Medical Truck
Selects Defensive Positions
Forward Retreat Point
Otter
Victor #52
BUGII
Katunar
SirFecker
淡定红茶BlackTea
Bia Bia Bia
Insurmountable Odds
0
0
Comments
sign in to comment!
No comments posted yet!